[Event "Grandmaster Triathlon - Blitz (GM2)"]
[Site "Biel, Switzerland"]
[Date "2026.07.19"]
[Round "7.3"]
[White "Kosteniuk, Alexandra"]
[Black "Materia, Marco"]
[Result "1/2-1/2"]
[TimeControl "3 + 2"]
[WhiteTitle "-"]
[BlackTitle "-"]
[WhiteFideId "4128125"]
[BlackFideId "45150451"]
[WhiteElo "2392"]
[BlackElo "2509"]

1. e4 c5 2. Nf3 e6 3. c3 d5 4. exd5 Qxd5 5. d4 Nf6 6. Be2 cxd4 7. cxd4 Bb4+ 8. Nc3 O-O 9. O-O Bxc3 10. bxc3 Nc6 11. c4 Qd6 12. Bb2 b6 13.
c5 bxc5 14. dxc5 Qxd1 15. Rfxd1 Nd5 16. Ne5 Nxe5 17. Bxe5 Bd7 18.
Rab1 Bc6 19. Ba6 f6 20. Bd6 Rf7 21. Re1 Re8 22. f3 Rd7 23. Rb2 Kf7 24. Kf2 Ne7 25. Bc4 Nf5 26. Rbe2 Nd4 27.
Rd2 Nf5 28. g4 Nxd6 29. cxd6 g5 30. Kg3 Rb7 31. Bb3 Bd7 32. h4 Rb6 33. hxg5 fxg5 34. Rh1 Kg7 35. Re1 h6 36. Re5 Kf6 37. Rc5 Rd8 38. Rc7 Bb5 39.
Rxa7 Rdxd6 40. Rh2 Kg6 41. Ra8 Kg7 42. Ra7+ Kg6 43. Ra8 Kg7 44. Ra7+ Rd7 45. Rxd7+ Bxd7 46. Rd2 Be8 47. Kf2 Kf6 48. Ke3 Bb5 49. Rd4 Rc6 50.
Rb4 Ba6 51. Rb8 Rc3+ 52. Kf2 Ke7 53. Rb6 Bc8 54. a4 Rc5 55. Ke3 Rc3+ 56. Kf2 Rc5 57. Rb8 Bd7 58. Rb6 Ra5 59. Ke3 Bxa4 60. Bxa4 Rxa4 61. Rb7+ Kf6 62. Rh7 Kg6 63. Re7 Ra6 64. Ke4 Kf6 65. Rh7 Ra4+ 66. Ke3 Kg6 67. Re7 Ra6 68.
Ke4 h5 69. gxh5+ Kxh5 70. Rh7+ Kg6 71. Re7 Kf6 72. Re8 Ra4+ 73. Ke3 Ke5 74. Rg8 Ra3+ 75. Kf2 Kf6 76. Rf8+ Kg6 77. Re8 Kf7 78. Rb8 e5 79. Rb6 Rd3 80. Kg2 Rd4 81. Kg3 Rf4 82. Ra6 Rf6 83. Ra8 Kg6 84. Rg8+ Kf5 85. Ra8 Rb6 86. Rf8+ Kg6 87. Rg8+ Kf5 88. Rf8+ Rf6 89. Rb8 Rf7 90.
Ra8 Rb7 91. Rf8+ Kg6 92. Rg8+ Kf6 93. Rf8+ Rf7 94. Ra8 Re7 95.
Rf8+ Kg7 96. Ra8 Rf7 97. Re8 Rf5 98. Kg4 Rf4+ 99. Kxg5 Rxf3 100. Rxe5 1/2-1/2

[Event "Grandmaster Triathlon - Blitz (GM2)"]
[Site "Biel, Switzerland"]
[Date "2026.07.19"]
[Round "8.1"]
[White "Materia, Marco"]
[Black "Xiao, Tong(Qd)"]
[Result "0-1"]
[TimeControl "3 + 2"]
[WhiteTitle "-"]
[BlackTitle "-"]
[WhiteFideId "45150451"]
[BlackFideId "8622388"]
[WhiteElo "2509"]
[BlackElo "2465"]

1. d4 Nf6 2. Nf3 d5 3. Bf4 e6 4. e3 c5 5. Nbd2 Bd6 6. Bb5+ Nc6 7. dxc5 Bxc5 8. O-O O-O 9. c4 Ne7 10. Rc1 b6 11.
cxd5 Nfxd5 12. Ne4 Nxf4 13. exf4 a6 14. Bd3 Nd5 15. Nxc5 bxc5 16. Be4 Rb8 17. Qc2 h6 18. Rfd1 Qf6 19. Qxc5 Nxf4 20. Bh7+ Kxh7 21. Qxf8 Ne2+ 22. Kh1 Nxc1 23. Rxc1 Qxb2 24. Rxc8 Qa1+ 25. Ng1 Rb1 26. h3 Rxg1+ 27. Kh2 Qf1 0-1

[Event "Grandmaster Triathlon - Blitz (GM2)"]
[Site "Biel, Switzerland"]
[Date "2026.07.19"]
[Round "8.2"]
[White "Yip, Carissa"]
[Black "Kosteniuk, Alexandra"]
[Result "1-0"]
[TimeControl "3 + 2"]
[WhiteTitle "-"]
[BlackTitle "-"]
[WhiteFideId "2090732"]
[BlackFideId "4128125"]
[WhiteElo "2369"]
[BlackElo "2392"]

1. e4 c6 2. d4 d5 3. Nd2 dxe4 4.
Nxe4 Nf6 5. Nxf6+ exf6 6. c3 Bd6 7. Bd3 O-O 8. Ne2 Re8 9. Qc2 h5 10. Be3 Nd7 11.
O-O-O b5 12. d5 c5 13. Bxb5 a6 14. Bd3 Ne5 15. Kb1 c4 16. Be4 g6 17. Bd4 Nd3 18. f3 Rb8 19. Rxd3 cxd3 20. Bxd3 f5 21. c4 Bf8 22.
Rd1 Qa5 23. Bc3 Qb6 24. Nd4 Bd7 25. Nb3 Ba4 26. Qd2 Bxb3 27.
axb3 Qxb3 28. Rc1 Kh7 29. Qf2 Bg7 30.
Qc2 Bxc3 31. Qxc3 Qb7 32. d6 Rec8 33. Qd4 Rc5 34. Rc2 Qb4 35. d7 Rd8 36. Re2 Rc7 37. Re8 f6 38. Rxd8 Qe1+ 39. Kc2 1-0

[Event "Grandmaster Triathlon - Blitz (GM2)"]
[Site "Biel, Switzerland"]
[Date "2026.07.19"]
[Round "8.3"]
[White "Finek, Vaclav"]
[Black "Vaishali, Rameshbabu"]
[Result "1-0"]
[TimeControl "3 + 2"]
[WhiteTitle "-"]
[BlackTitle "-"]
[WhiteFideId "23718293"]
[BlackFideId "5091756"]
[WhiteElo "2504"]
[BlackElo "2364"]

1. d4 Nf6 2. c4 e6 3. Nf3 Bb4+ 4. Bd2 Qe7 5. g3 Bxd2+ 6. Qxd2 Nc6 7. Nc3 d6 8. Bg2 e5 9. O-O exd4 10. Nxd4 Nxd4 11. Qxd4 O-O 12.
Rfe1 a6 13. Rad1 Re8 14. b3 Rb8 15. h3 Bd7 16. e4 b5 17. Nd5 Nxd5 18. cxd5 c5 19. dxc6 Bxc6 20. Qxd6 Qb7 21. Rc1 Re6 22.
Qf4 Rbe8 23. Re3 h6 24. Rce1 b4 25. h4 R8e7 26. g4 a5 27. g5 h5 28. f3 Qb6 29. Kh2 Qd4 30. R3e2 Re8 31.
Rd2 Qc3 32. Qe3 Qe5+ 33. f4 Qb8 34. Rd4 R6e7 35. Red1 Qb7 36. Rd8 Qc7 37. Rxe8+ Rxe8 38. Rc1 Qb7 39. Rc4 Bb5 40. Rc5 Qb6 41. Qc1 Bd7 42. Rd5 Be6 43. Qc5 Qb8 44. Rd6 Rc8 45. Qd4 Qc7 46. g6 Bg4 47. e5 fxg6 48. Rxg6 Qc2 49. Rg5 Rf8 50. e6 Bxe6 51. Qxg7# 1-0

[Event "Grandmaster Triathlon - Blitz (GM2)"]
[Site "Biel, Switzerland"]
[Date "2026.07.19"]
[Round "9.1"]
[White "Xiao, Tong(Qd)"]
[Black "Vaishali, Rameshbabu"]
[Result "1-0"]
[TimeControl "3 + 2"]
[WhiteTitle "-"]
[BlackTitle "-"]
[WhiteFideId "8622388"]
[BlackFideId "5091756"]
[WhiteElo "2465"]
[BlackElo "2364"]

1. e4 d5 2. exd5 Qxd5 3. Nc3 Qa5 4. Nf3 Bf5 5. Bc4 e6 6. d3 c6 7. O-O Nf6 8. Bd2 Qc7 9. Re1 Nbd7 10. h3 Bd6 11. Nd4 O-O 12. Nxf5 exf5 13. a4 Rae8 14. Qf3 g6 15. Bh6 Rxe1+ 16. Rxe1 Re8 17. Rxe8+ Nxe8 18. Qe3 Qb8 19. Ne2 Bf8 20.
Bxf8 Kxf8 21. f4 Nef6 22. Bb3 Qe8 23. Kf2 Qxe3+ 24. Kxe3 Ke7 25. c3 Nc5 26. Bc2 Nd5+ 27. Kf3 a5 28. d4 Ne6 29. g4 fxg4+ 30. hxg4 h6 31. Be4 Nb6 32. b3 g5 33.
f5 Nc7 34. c4 Ne8 35. Nc3 Nf6 36. Bd3 Nbd7 37. Kg3 c5 38. d5 Kd6 39. Nb5+ Ke7 40. Be2 Ne4+ 41. Kf3 Nd2+ 42. Ke3 Nxb3 43. Bd1 Nd4 44. d6+ Kd8 45. Nxd4 cxd4+ 46. Kxd4 Nf6 47. Bf3 Kd7 48. c5 b6 49. Ke5 bxc5 50. Kxf6 Kxd6 51. Kxf7 1-0

[Event "Grandmaster Triathlon - Blitz (GM2)"]
[Site "Biel, Switzerland"]
[Date "2026.07.19"]
[Round "9.2"]
[White "Kosteniuk, Alexandra"]
[Black "Finek, Vaclav"]
[Result "1-0"]
[TimeControl "3 + 2"]
[WhiteTitle "-"]
[BlackTitle "-"]
[WhiteFideId "4128125"]
[BlackFideId "23718293"]
[WhiteElo "2392"]
[BlackElo "2504"]

1. e4 c5 2. Nf3 g6 3. c3 d5 4. exd5 Qxd5 5. d4 Bg7 6. Nbd2 Nf6 7. Bc4 Qd6 8. O-O O-O 9. dxc5 Qxc5 10. Qe2 Qc7 11. Ne5 Nc6 12.
Ndf3 Na5 13. Bd3 Nc6 14. Bc4 Na5 15.
Bd3 Nc6 16. Nxc6 bxc6 17. Re1 Nd5 18.
Ne5 Be6 19. h3 Rfd8 20. Bc2 Rab8 21. Bb3 Qxe5 22. Qxe5 Bxe5 23. Rxe5 Nc7 24. Ba4 Rd5 25. Re2 c5 26. Bf4 Rc8 27. Bc6 Rf5 28. Bh2 Ne8 29. Rxe6 fxe6 30. Bd7 Rd8 31. Bxe6+ Kf8 32. Bxf5 gxf5 33. Bf4 Kf7 34. Be3 Rc8 35. Rd1 Nf6 36.
c4 a5 37. Rd3 Ne4 38. f3 Nd6 39. b3 a4 40. Rd5 axb3 41. axb3 Nb7 42. Rxf5+ Ke6 43. Rh5 Na5 44. b4 Nxc4 45. Bxc5 Rh8 46. Rh4 Nd6 47. Kf2 Nf5 48. Re4+ Kd7 49. g4 Nd6 50. Re5 h6 51. Rh5 Nf7 52. Rd5+ Ke6 53. Rd1 Kf6 54. b5 Rc8 55. Rc1 Ke6 56. b6 Kd7 57. Be3 Rxc1 58. Bxc1 Kc6 59. Be3 e5 60. h4 Nd6 61.
Bxh6 Kxb6 62. h5 Nf7 63. Bg7 1-0

[Event "Grandmaster Triathlon - Blitz (GM2)"]
[Site "Biel, Switzerland"]
[Date "2026.07.19"]
[Round "9.3"]
[White "Materia, Marco"]
[Black "Yip, Carissa"]
[Result "1-0"]
[TimeControl "3 + 2"]
[WhiteTitle "-"]
[BlackTitle "-"]
[WhiteFideId "45150451"]
[BlackFideId "2090732"]
[WhiteElo "2509"]
[BlackElo "2369"]

1. Nf3 g6 2. d4 Bg7 3. e3 d6 4. Be2 Nd7 5. O-O b6 6.
c4 Bb7 7. Nc3 e5 8. d5 f5 9. Qc2 h6 10. b4 a5 11. bxa5 Rxa5 12. a4 Ngf6 13. Ba3 O-O 14. Bb4 Ra8 15. a5 bxa5 16. Rxa5 Rxa5 17.
Bxa5 Nc5 18. Rb1 Ba6 19. Nb5 Rf7 20.
Nd2 Nfe4 21. Nxe4 Nxe4 22. Qa2 Bxb5 23. Rxb5 Kh7 24. Bf1 Qa8 25. Qc2 c6 26. dxc6 Qxc6 27. Bb4 Ra7 28. Ra5 Rb7 29.
Be1 Nc5 30. Rb5 Ra7 31. h4 Ra1 32. Bc3 Ra4 33. h5 Qe4 34. hxg6+ Kxg6 35. Qd1 Qh4 36. Qxd6+ 1-0

[Event "Grandmaster Triathlon - Blitz (GM2)"]
[Site "Biel, Switzerland"]
[Date "2026.07.19"]
[Round "10.1"]
[White "Yip, Carissa"]
[Black "Xiao, Tong(Qd)"]
[Result "0-1"]
[TimeControl "3 + 2"]
[WhiteTitle "-"]
[BlackTitle "-"]
[WhiteFideId "2090732"]
[BlackFideId "8622388"]
[WhiteElo "2369"]
[BlackElo "2465"]

1. e4 c5 2. Nf3 e6 3. d3 Nc6 4. g3 g6 5. Bg5 f6 6.
Be3 Bg7 7. c3 b6 8. Bg2 Nge7 9. O-O O-O 10. d4 cxd4 11. Nxd4 Nxd4 12. Bxd4 Bb7 13. Qe2 e5 14. Be3 f5 15. Bg5 h6 16. Qc4+ Kh8 17.
Bxe7 Qxe7 18. exf5 Bxg2 19. Kxg2 gxf5 20. Nd2 Rac8 21. Qe2 f4 22. Qe4 d5 23. Qg6 e4 24. Rae1 Qd7 25. Qh5 Rf5 26. Qh3 b5 27. Kg1 Rcf8 28. Nb3 Qf7 29. Rd1 Rh5 30. Qg4 Rg5 31.
Qh3 Kh7 32. Nc5 Re8 33. Qd7 Re7 34. Qh3 f3 35. Rfe1 Rge5 36. Re3 Qg6 37. Nd7 Rh5 38. Qf1 Rxd7 39. Qxb5 Qf5 40. Qf1 Rc7 41. h4 Qg4 42. Kh2 Be5 43. Kg1 Rxh4 44. Rxd5 Bxg3 0-1

[Event "Grandmaster Triathlon - Blitz (GM2)"]
[Site "Biel, Switzerland"]
[Date "2026.07.19"]
[Round "10.2"]
[White "Finek, Vaclav"]
[Black "Materia, Marco"]
[Result "1-0"]
[TimeControl "3 + 2"]
[WhiteTitle "-"]
[BlackTitle "-"]
[WhiteFideId "23718293"]
[BlackFideId "45150451"]
[WhiteElo "2504"]
[BlackElo "2509"]

1. d4 Nf6 2. c4 e6 3. Nf3 d5 4. g3 Bb4+ 5. Bd2 Be7 6.
Bg2 O-O 7. O-O c6 8. Qc2 Nbd7 9. a4 a5 10. Rc1 Ne4 11. Ne1 f5 12.
Nd3 Qe8 13. Be1 Bd6 14. Nd2 g5 15. Nf3 Qg6 16. Nfe5 Qg7 17. Nxd7 Bxd7 18. e3 h5 19. b4 h4 20. bxa5 hxg3 21. fxg3 Be8 22. Rab1 f4 23.
Qe2 fxg3 24. hxg3 Nxg3 25. Bxg3 Bxg3 26. Qg4 Bb8 27. Rf1 Rxf1+ 28. Rxf1 Qh6 29. Bh3 Bf7 30. Nc5 Rxa5 31. Nxe6 dxc4 32. Nd8 Qd6 33. Rxf7 Rxa4 34. Qxg5+ 1-0

[Event "Grandmaster Triathlon - Blitz (GM2)"]
[Site "Biel, Switzerland"]
[Date "2026.07.19"]
[Round "10.3"]
[White "Vaishali, Rameshbabu"]
[Black "Kosteniuk, Alexandra"]
[Result "0-1"]
[TimeControl "3 + 2"]
[WhiteTitle "-"]
[BlackTitle "-"]
[WhiteFideId "5091756"]
[BlackFideId "4128125"]
[WhiteElo "2364"]
[BlackElo "2392"]

1. Nc3 d5 2. e4 d4 3. Nce2 e5 4. d3 c5 5. g3 Nc6 6. Bg2 Nf6 7. h3 Bd6 8. Nf3 h6 9. O-O g5 10. a4 Be6 11. Kh2 Qd7 12. a5 O-O-O 13. a6 b6 14. c3 Rdg8 15. Qa4 Na5 16. cxd4 cxd4 17. Bd2 Nb3 18. Qxd7+ Nxd7 19. Rab1 Ndc5 20. Bb4 Kd7 21. Nc1 Nxc1 22. Bxc5 Nxd3 23. Bxd6 Kxd6 24.
b4 Rc8 25. h4 f6 26. Ne1 Bc4 27. Rg1 Nxf2 28. Nf3 Ng4+ 29. Kh1 Ne3 30. Nd2 Be6 31. b5 Rc2 0-1